 Dungeon Crawl Stone Soup version 0.22.1-1-ga44c0e56f4 (webtiles) character file.

1252 Ihlosi the Skirmisher (level 8, -8/106 HPs)
             Began as a Human Gladiator on Nov 10, 2018.
             Mangled by an orc warrior
             ... wielding a +0 glaive
              (12 damage)
             ... on level 5 of the Dungeon.
             The game lasted 00:17:38 (5093 turns).

Ihlosi the Skirmisher (Human Gladiator)             Turns: 5093, Time: 00:17:39

Health: -8/106     AC: 13    Str: 21    XL:     8   Next: 80%
Magic:  9/9        EV:  8    Int:  8    God:
Gold:   196        SH:  0    Dex: 16    Spells: 9/9 levels left

rFire    . . .     SeeInvis .   a - +0 long sword
rCold    . . .     Gourm    .   (no shield)
rNeg     + . .     Faith    .   h - +0 plate armour (curse)
rPois    +         Spirit   .   c - +0 helmet
rElec    .         Reflect  .   (no cloak)
rCorr    .         Harm     .   (no gloves)
MR       .....                  (no boots)
Stlth    ..........             m - amulet of regeneration
HPRegen  0.67/turn              u - ring of stealth
MPRegen  0.11/turn              d - ring of positive energy

@: berserking, very quick
A: blink, poison resistance, robust 1
a: Blink


You were on level 5 of the Dungeon.
You were not hungry.

You visited 1 branch of the dungeon, and saw 6 of its levels.

You collected 196 gold pieces.

Inventory:

Hand Weapons
 a - a +0 long sword (weapon)
 q - a +1 trident of venom
Armour
 c - a +0 helmet (worn)
 h - a cursed +0 plate armour (worn)
 v - a +0 leather armour of cold resistance
Jewellery
 d - a ring of positive energy (right hand)
 l - an uncursed amulet of faith
 m - an amulet of regeneration (around neck)
 s - an uncursed ring of see invisible
 u - a ring of stealth (left hand)
Scrolls
 b - 3 scrolls of amnesia
 e - 3 scrolls of enchant armour
 i - 2 scrolls of teleportation
 j - a scroll of random uselessness {unknown}
 k - 3 scrolls of identify
 n - a scroll of enchant weapon {unknown}
 p - 3 scrolls of remove curse {unknown}
 r - 2 scrolls of fear {unknown}
 w - 2 scrolls of magic mapping {unknown}
Potions
 o - 3 potions of curing
 t - a potion of agility
Comestibles
 f - 11 rations


   Skills:
 * Level 6.8 Fighting
 + Level 5.6 Long Blades
 - Level 2.0 Throwing
 + Level 4.6 Armour
 * Level 3.9 Dodging
 - Level 1.0 Stealth
 - Level 1.0 Spellcasting


You had 9 spell levels left.
You didn't know any spells.
Your spell library was empty.

Dungeon Overview and Level Annotations

Branches:
Dungeon (6/15)
 Temple: D:4-7

Altars:
Cheibriados
Sif Muna
Trog

Shops:
D:4 (

Annotations:
D:3 3 runed doors, OdinFK's ghost, amateur DsAK
D:4 Unfinished
D:5 3 runed doors, Prince Ribbit; btonasse's ghost, novice MfSk


Innate Abilities, Weirdness & Mutations

You can translocate small distances at will.
Your system is resistant to poisons. (rPois)
You are robust. (+10% HP)


Message History

You hit the orc but do no damage. The orc warrior hits you with a glaive.
The orc hits you with a club.
* * * LOW HITPOINT WARNING * * *
A red film seems to cover your vision as you go berserk!
You feel yourself moving faster!
You feel mighty!
The orc warrior hits you with a glaive!!
* * * LOW HITPOINT WARNING * * *
Unknown command.
You slash the orc!
You kill the orc!
Unknown command.
You closely miss the orc warrior.
The orc warrior is lightly wounded.
The orc warrior closely misses you.
You slash the orc warrior!
The orc warrior is moderately wounded.
You hit the orc warrior but do no damage.
The orc warrior is moderately wounded.
The orc warrior hits you with a glaive!
You die...

.#(..[.+..#..?#..........#.......
.#(..(.#.#.#.##..........#.......
.#..##.##.⌠.###..........#...[...
.#..##..#####.#.<.(......#....##.
.+.......#....##..##'##+###...###
.#.......#.....#####.##.###...##.
.#...##..#.....#..........#......
.#...##..#.....').........#...##.
.#.......#.....#@o....(...#...##.
.#.......#.....#..........#....#.
.###.##..#.....##'##.######...##.
...#'###+#.....#..##)######...###
...#(....#.....#........#.....#^.
...'.....#.....#........#.....#..
...#.....#.....#.(......#.....#..
...#######.....#........#.....'..
...# #.....#.......(#[....#..


You could see an orc warrior.

Vanquished Creatures
  A phantom (D:2)
  2 ogres
  A big kobold (D:5)
  3 scorpions
  A howler monkey (D:5)
  A crimson imp (D:5)
  A hound (D:5)
  A jelly (D:5)
  A gnoll shaman (D:5)
  An orc priest (D:4)
  A bullfrog skeleton (D:6)
  5 worker ants
  3 orc wizards
  2 hound skeletons (D:5)
  A howler monkey zombie (D:5)
  A worker ant zombie (D:5)
  11 gnolls
  11 adders
  A shadow imp (D:4)
  3 oozes
  A worm (D:2)
  A dart slug (D:3)
  2 leopard geckos
  10 orcs
  3 ball pythons
  4 giant cockroaches
  5 goblins
  5 hobgoblins
  5 jackals
  14 bats
  4 frilled lizards
  17 kobolds
  5 rats
128 creatures vanquished.

Notes
Turn   | Place    | Note
-------+----------+-------------------------------------------
     0 | D:1      | Ihlosi the Human Gladiator began the quest for the Orb.
     0 | D:1      | Reached XP level 1. HP: 16/16 MP: 1/1
    68 | D:1      | Reached skill level 1 in Stealth
    68 | D:1      | Reached XP level 2. HP: 2/22 MP: 2/2
   690 | D:1      | Reached XP level 3. HP: 28/28 MP: 3/3
   777 | D:1      | Reached skill level 3 in Fighting
   953 | D:2      | Reached skill level 1 in Armour
  1035 | D:2      | Reached XP level 4. HP: 29/35 MP: 4/4
  1381 | D:2      | Noticed a phantom
  1451 | D:3      | Reached skill level 4 in Fighting
  1451 | D:3      | Reached XP level 5. HP: 33/43 MP: 5/5
  1541 | D:3      | Found a snail-covered altar of Cheibriados.
  1652 | D:3      | Reached XP level 6. HP: 31/50 MP: 6/6
  1669 | D:3      | Found a runed gate.
  1669 | D:3      | Found a runed gate.
  1669 | D:3      | Found a runed gate.
  1669 | D:3      | Noticed OdinFK's ghost (amateur DsAK)
  1923 | D:3      | Found a deep blue altar of Sif Muna.
  1966 | D:3      | Found a bloodstained altar of Trog.
  2197 | D:4      | Reached skill level 5 in Fighting
  2289 | D:4      | Found Xisk's Antique Weapon Boutique.
  2619 | D:4      | Reached XP level 7. HP: 23/56 MP: 7/7
  2705 | D:5      | Entered Level 5 of the Dungeon
  2838 | D:5      | Noticed Prince Ribbit
  2840 | D:5      | Gained mutation: You can translocate small distances at
                  | will. [potion of mutation]
  2840 | D:5      | Gained mutation: You are robust. (+10% HP) [potion of
                  | mutation]
  2840 | D:5      | Gained mutation: Your system is resistant to poisons.
                  | (rPois) [potion of mutation]
  2844 | D:5      | Found a runed gate.
  2844 | D:5      | Found a runed gate.
  2844 | D:5      | Found a runed gate.
  2844 | D:5      | Noticed btonasse's ghost (novice MfSk)
  2863 | D:5      | Reached skill level 1 in Spellcasting
  2884 | D:5      | Reached skill level 6 in Fighting
  3308 | D:5      | Reached XP level 8. HP: 70/70 MP: 9/9
  3975 | D:4      | Reached skill level 5 in Long Blades
  5089 | D:5      | HP: 2/106 [orc warrior/glaive (25)]
  5093 | D:5      | Mangled by an orc warrior

Skill      XL: |  1  2  3  4  5  6  7  8 |
---------------+-------------------------+-----
Stealth        | 1 |  1.0
Fighting       | 3 4 5 6 |  6.8
Armour         | 1 2 3 4 |  4.6
Spellcasting   | 1 |  1.0
Long Blades    | 4 5 |  5.6
Throwing       | |  2.0
Dodging        | |  3.9

Action                   |  1- 3 |  4- 6 |  7- 9 || total
-------------------------+-------+-------+-------++-------
Melee: Long sword        |    87 |   261 |   260 ||   608
Throw: Throwing net      |       |     3 |     1 ||     4
  Use: Potion            |       |     3 |     4 ||     7
       Scroll            |       |       |     6 ||     6
 Stab: Held in net/web   |       |       |     1 ||     1
  Eat: Chunk             |       |     6 |     6 ||    12
       Ration            |       |       |     1 ||     1
Armor: Leather armour    |     8 |       |       ||     8
       Plate armour      |    58 |   215 |   178 ||   451
Dodge: Dodged            |    39 |    89 |    62 ||   190
       Rpst.: Long sword |     9 |    27 |    20 ||    56
